 Dungeon Crawl Stone Soup version 0.14.1-10-gba40d31 (webtiles) character file.

5773 Heini the Basher (level 10, -3/91 HPs)
             Began as a Minotaur Fighter on May 29, 2014.
             Was a Priest of Okawaru.
             Slain by an eight-headed hydra (10 damage)
             ... on Level 1 of the Lair of Beasts.
             The game lasted 00:26:26 (7460 turns).

Heini the Basher (Minotaur Fighter)                 Turns: 7460, Time: 00:26:26

HP  -3/91        AC 20     Str 24      XL: 10   Next: 40%
MP   4/4         EV  8     Int  5      God: Okawaru [***...]
Gold 359         SH  0     Dex 10      Spells:  0 memorised,  9 levels left

rFire  . . .     SeeInvis .     K - +0 dire flail
rCold  . . .     Clarity  .     F - +0 plate armour
rNeg   . . .     Conserve .     (no shield)
rPois  +         rCorr    .     (helmet restricted)
rElec  .         rRot     .     P - +1 cloak {rPois}
SustAb + .       Spirit   .     G - +1 pair of gloves
rMut   .         Warding  .     (no boots)
Saprov . . .     Stasis   .     (no amulet)
MR     .....                    w - +1 ring of evasion
                                k - ring of sustain abilities

@: not resistant to hostile enchantments, extremely unstealthy
A: retaliatory headbutt, horns 2, talons 1, fast metabolism 1, screaming 1,
evolution 1
a: Heroism, Renounce Religion


You were on level 1 of the Lair of Beasts.
You worshipped Okawaru.
Okawaru was most pleased with you.
You were not hungry.

You visited 3 branches of the dungeon, and saw 10 of its levels.

You collected 359 gold pieces.

Inventory:

Hand weapons
 a - a +0,+1 flail
 H - the +6,+6 dark maul {crush}
   (You found it on level 6 of the Dungeon)

   It inflicts extra damage upon your enemies.
 K - a +0,+0 dire flail (weapon)
Armour
 c - a +0 shield
 m - a +2 cloak
 F - a +0 plate armour (worn)
 G - a +1 pair of gloves (worn)
 P - a +1 cloak of poison resistance (worn)
Magical devices
 l - a wand of digging (10)
 x - a wand of lightning (4) {unknown}
 y - a wand of frost (8)
 L - a wand of magic darts (6) {unknown}
 U - a wand of fire (10) {unknown}
Comestibles
 b - 3 lychees
 d - 10 bread rations
 q - 5 chokos
 A - 3 rambutans
 B - 2 beef jerkies
 C - 3 oranges
 D - 10 grapes
 E - an apricot
 I - 9 cheeses
 M - a rotting chunk of quokka flesh
 O - a lemon
 R - 6 strawberries
 S - 3 apples
 T - 2 pears
Scrolls
 g - 3 scrolls of teleportation
 i - 2 scrolls of recharging
 o - 2 scrolls of fog
 t - 2 scrolls of amnesia
 u - 2 scrolls of identify
 J - a scroll of enchant weapon II
Jewellery
 h - an uncursed ring of ice {unknown}
 k - a ring of sustain abilities (left hand)
 w - a +1 ring of evasion (right hand)
 N - an uncursed ring of flight
Potions
 e - 5 potions of might
 f - 3 potions of heal wounds
 j - 7 potions of curing
 p - a potion of haste
 r - 2 potions of brilliance
 s - 2 potions of invisibility
 v - a potion of agility
 z - a potion of berserk rage
 Q - 3 potions of flight
Miscellaneous
 n - a plain deck of war


   Skills:
 * Level 9.6 Fighting
 * Level 12.2 Maces & Flails
 * Level 11.2 Armour
   Level 3.6 Shields


You had 9 spell levels left.
You didn't know any spells.

Dungeon Overview and Level Annotations

Branches:
Dungeon (8/15)             Temple (1/1) D:6            Lair (1/8) D:8

Altars:
Ashenzari
Cheibriados
Dithmenos
Elyvilon
Fedhas
Kikubaaqudgha
Makhleb
Nemelex Xobeh
Okawaru
Vehumet
Xom
Yredelemnul
Zin
The Shining One

Annotations:
D:5 exclusion: oklob plant


Innate Abilities, Weirdness & Mutations

You reflexively headbutt those who attack you in melee.
You have a pair of horns on your head.
You have sharp toenails.
You have a fast metabolism.
You occasionally shout uncontrollably.
You evolve.


Message History

The eight-headed hydra barely misses you.
The eight-headed hydra bites you but does no damage. x5
The eight-headed hydra bites you.
* * * LOW HITPOINT WARNING * * *
You hit the eight-headed hydra. You headbutt the eight-headed hydra.
The eight-headed hydra is severely wounded.
The spiny frog stings you!
* * * LOW HITPOINT WARNING * * *
Unknown command.
Drink which item? (? for menu, Esc to quit)
You feel much better. The spiny frog stings you!
* * * LOW HITPOINT WARNING * * *
The eight-headed hydra bites you!
* * * LOW HITPOINT WARNING * * *
The eight-headed hydra bites you but does no damage. x2
The eight-headed hydra bites you!
* * * LOW HITPOINT WARNING * * *
The eight-headed hydra bites you but does no damage.
The eight-headed hydra bites you!
You die...

# #....# .........
###.#....# ..######
.........# .........#
.........# ##
##.###...###.###.. . #
###..............######
#.....##.## .........
##...@.# .........
####....FD# #.........
..........## ..........
###........# #.#####+#.
..........## #.........
.#.......# #.#.....#.
.f.......# .......#.
.........# .......+.
f........ .#.....#.


You could see an eight-headed hydra and a spiny frog.

Vanquished Creatures
  A centaur skeleton (D:8)
  A basilisk (Lair:1)
  A blink frog (Lair:1)
  A hungry ghost (D:7)
  Eustachio (D:5)
  A human (D:7)
  3 hippogriffs
  5 wolves (Lair:1)
  Menkaure (D:7)
  A sky beast (D:8)
  A water moccasin (Lair:1)
  An orc warrior (D:7)
  2 phantoms
  An ice beast (D:6)
  A black bear (D:8)
  4 ogres
  2 crocodiles
  3 centaurs
  Sigmund (D:3)
  6 giant frogs
  2 scorpions
  3 killer bees (D:7)
  A hippogriff skeleton (D:8)
  A troll skeleton (D:8)
  A crimson imp (D:5)
  An iron imp (D:5)
  7 hounds
  2 iguanas
  3 orc wizards
  Crazy Yiuf (D:2)
  A big fish (D:5)
  A gnoll shaman (D:6)
  6 worker ants
  An ogre zombie (D:8)
  4 sheep (D:7)
  Terence (D:2)
  11 gnolls
  A steam dragon zombie (D:6)
  12 adders
  A worm zombie (D:5)
  A shadow imp (D:7)
  A white imp (D:5)
  4 worms
  An ufetubus (D:5)
  2 orc skeletons (D:6)
  2 giant eyeballs
  4 giant geckos
  4 oozes
  16 orcs
  14 bats
  7 giant cockroaches
  11 goblins
  13 hobgoblins
  32 jackals
  5 quokkas
  2 ball pythons
  7 giant newts
  A giant newt skeleton (D:3)
  A giant spore (D:6)
  15 kobolds
  An orc zombie (D:5)
  12 rats
  3 ballistomycetes (D:6)
  A plant (D:5)
259 creatures vanquished.

Notes
Turn   | Place    | Note
--------------------------------------------------------------
     0 | D:1      | Heini, the Minotaur Fighter, began the quest for the Orb.
     0 | D:1      | Reached XP level 1. HP: 19/19 MP: 1/1
   180 | D:1      | Found a sparkling altar of Nemelex Xobeh.
   226 | D:1      | Reached skill level 4 in Fighting
   226 | D:1      | Reached XP level 2. HP: 25/27 MP: 1/1
   807 | D:2      | Reached XP level 3. HP: 33/33 MP: 2/2
   816 | D:2      | Noticed Terence
   826 | D:2      | Killed Terence
  1262 | D:2      | Reached XP level 4. HP: 32/41 MP: 2/2
  1603 | D:2      | Noticed Crazy Yiuf
  1607 | D:2      | Killed Crazy Yiuf
  1607 | D:2      | Reached skill level 5 in Fighting
  1683 | D:3      | Reached skill level 5 in Armour
  1819 | D:3      | Reached XP level 5. HP: 44/48 MP: 2/2
  2190 | D:3      | Noticed Sigmund
  2205 | D:3      | Killed Sigmund
  2205 | D:3      | Reached XP level 6. HP: 38/56 MP: 3/3
  2655 | D:4      | Paralysed by a giant eyeball for 2 turns
  2715 | D:4      | Reached skill level 5 in Maces & Flails
  2946 | D:4      | Reached skill level 6 in Fighting
  2946 | D:4      | Reached XP level 7. HP: 45/63 MP: 3/3
  3397 | D:5      | Entered Level 5 of the Dungeon
  3417 | D:5      | Paralysed by a giant eyeball for 4 turns
  3440 | D:5      | Noticed Eustachio
  3478 | D:5      | Killed Eustachio
  3552 | D:5      | Reached skill level 7 in Maces & Flails
  3722 | D:5      | Found a shimmering altar of Xom.
  3917 | D:5      | Found a blossoming altar of Fedhas.
  3944 | D:5      | Noticed an oklob plant
  4249 | D:5      | Reached XP level 8. HP: 68/71 MP: 3/3
  4643 | D:6      | Reached skill level 8 in Maces & Flails
  5056 | D:6      | Reached skill level 9 in Maces & Flails
  5142 | D:6      | Found a staircase to the Ecumenical Temple.
  5245 | Temple   | Entered the Ecumenical Temple
  5294 | Temple   | Became a worshipper of Warmaster Okawaru
  5591 | D:7      | Reached XP level 9. HP: 77/81 MP: 4/4
  5605 | D:7      | Noticed Menkaure
  5614 | D:7      | Killed Menkaure
  5614 | D:7      | Reached skill level 10 in Maces & Flails
  5848 | D:7      | Acquired Okawaru's first power
  6153 | D:7      | Gained mutation: You evolve. [potion of beneficial mutation]
  6431 | D:8      | Reached skill level 10 in Armour
  6492 | D:8      | Reached skill level 11 in Maces & Flails
  6649 | D:8      | Found a shimmering altar of Xom.
  6720 | D:8      | Reached XP level 10. HP: 72/91 MP: 4/4
  6813 | D:8      | Found a staircase to the Lair.
  6816 | Lair:1   | Entered Level 1 of the Lair of Beasts
  6961 | Lair:1   | Reached skill level 12 in Maces & Flails
  7037 | Lair:1   | Gained mutation: You have sharp toenails. [evolution]
  7137 | Lair:1   | Gained mutation: You occasionally shout uncontrollably. [the power of Zot]
  7137 | Lair:1   | Gained mutation: You have a fast metabolism. [the power of Zot]
  7442 | Lair:1   | Noticed an eight-headed hydra
  7460 | Lair:1   | Slain by an eight-headed hydra

Action                   |  1- 3 |  4- 6 |  7- 9 | 10-12 || total
-------------------------+-------+-------+-------+-------++-------
Melee: Flail             |   106 |   171 |   393 |       ||   670
       Dire flail        |       |       |    98 |    90 ||   188
Evoke: Wand              |       |     1 |     1 |       ||     2
  Use: Scroll            |     1 |    14 |    13 |       ||    28
       Potion            |       |     1 |     1 |     2 ||     4
